 Dungeon Crawl Stone Soup version 0.31-a0-986-g5e6e4ef867 (webtiles) character file.

Game seed: 2330862058693124491

773 grandjackal the Trooper (level 7, -1/56 HPs)
             Began as a Demonspawn Gladiator on Nov 20, 2023.
             Slain by an ogre
             ... wielding a +0 giant spiked club
              (10 damage)
             ... on level 5 of the Dungeon.
             The game lasted 00:05:54 (4388 turns).

grandjackal the Trooper (Demonspawn Gladiator)      Turns: 4388, Time: 00:05:54

Health: -1/56      AC: 11    Str: 17    XL:     7   Next: 53%
Magic:  7/7        EV: 10    Int:  9    God:
Gold:   216        SH:  0    Dex: 14    Spells: 6/6 levels left

rFire   . . .        a - +0 long sword
rCold   . . .        (no shield)
rNeg    . . .        v - +0 scale mail
rPois   .            c - +0 helmet
rElec   .            p - +0 cloak
rCorr   .            n - +0 pair of gloves
SInv    .            (no boots)
Will    .....        (no amulet) Stlth
                     (no ring)
HPRegen 0.29/turn    (no ring)
MPRegen 0.10/turn

%: no passive effects
@: no status effects
A: hooves 1, powered by death 1, sharp scales 1
a: no special abilities


You were on level 5 of the Dungeon.
You visited 1 branch of the dungeon, and saw 5 of its levels.

You collected 216 gold pieces.

Inventory:

Hand Weapons
 a - a +0 long sword (weapon)
 j - a +2 dagger of flaming
Missiles
 d - 3 throwing nets (quivered)
 e - a javelin
 z - a boomerang
Armour
 c - a +0 helmet (worn)
 n - a +0 pair of gloves (worn)
 p - a +0 cloak (worn)
 v - a +0 scale mail (worn)
Jewellery
 k - a ring of ice
 s - an amulet of magic regeneration
Wands
 u - a wand of charming (11)
 x - a wand of flame (26)
Scrolls
 b - a scroll of acquirement {unknown}
 g - a scroll of revelation {unknown}
 h - a scroll of fear
 o - a scroll of noise {unknown}
 q - 2 scrolls of fog {unknown}
 y - a scroll of poison {unknown}
 B - a scroll of blinking {unknown}
 C - a scroll of vulnerability {unknown}
 D - a scroll of teleportation {unknown}
Potions
 f - 3 potions of attraction
 i - a potion of lignification
 l - a potion of magic
 m - 2 potions of curing
 r - 4 potions of mutation
 t - a potion of might {unknown}
 w - a potion of invisibility {unknown}
 A - a potion of heal wounds {unknown}


   Skills:
 + Level 5.2 Fighting
 + Level 5.1 Long Blades
 - Level 2.0 Throwing
 + Level 3.9 Armour
 - Level 3.0 Dodging


You had 6 spell levels left.
You didn't know any spells.
Your spell library contained the following spells:

 Spells                   Type           Power      Damage    Failure   Level
 Freeze                   Ice            0%         1d3       78%         1
 Magic Dart               Conj           0%         1d3       78%         1
 Summon Small Mammal      Summ           0%         N/A       78%         1
 Blink                    Tloc           0%         N/A       89%         2
 Lesser Beckoning         Tloc           0%         N/A       89%         2
 Momentum Strike          Conj/Tloc      0%         3d8       89%         2
 Searing Ray              Conj           0%         2d4       89%         2
 Call Canine Familiar     Summ           0%         N/A       98%         3
 Frozen Ramparts          Ice            0%         1d1       98%         3
 Hailstorm                Conj/Ice       0%         3d3       98%         3
 Inner Flame              Hex/Fire       0%         N/A       98%         3
 Ozocubu's Armour         Ice            0%         N/A       98%         3
 Summon Guardian Golem    Hex/Summ       0%         N/A       98%         3
 Anguish                  Hex/Necr       0%         N/A       100%        4
 Cause Fear               Hex            0%         N/A       100%        4
 Flame Wave               Conj/Fire      0%         2d4       100%        4
 Fulminant Prism          Conj/Hex       0%         3d5       100%        4
 Sticky Flame             Conj/Fire      0%         2d3       100%        4
 Metabolic Englaciation   Hex/Ice        0%         N/A       100%        5
 Simulacrum               Ice/Necr       0%         N/A       100%        6
 Enfeeble                 Hex            0%         N/A       100%        7
 Orb of Destruction       Conj           0%         9d5       100%        7
 Spellforged Servitor     Conj/Summ      0%         N/A       100%        7


Dungeon Overview and Level Annotations

Branches:
Dungeon (5/15)
 Temple: D:4-7

Altars:
Sif Muna
Vehumet

Shops:
D:1 (   D:5 *

Annotations:
D:4 3 runed translucent doors, Bradai's ghost, amateur DjWn


Innate Abilities, Weirdness & Mutations

You have large cloven feet.
You regenerate a little health from kills.
You are partially covered in razor-sharp scales. (AC +1, Slay +1)


Message History

The scorpion is almost dead.
The scorpion barely misses you.
You barely miss the scorpion.
The scorpion is almost dead.
The scorpion stings you but does no damage.
The scorpion closely misses you.
You hit the scorpion but do no damage. You kick the scorpion.
The scorpion is almost dead.
The scorpion barely misses you.
You hit the scorpion.
You kill the scorpion!
No target in view!
You see here a scorpion corpse.
An orc comes into view. It is wielding a +0 club.
The orc shouts!
The orc moves out of view.
Found Fyed's CLEARANCE SALE!.
Found an escape hatch in the floor.
An ogre comes into view. It is wielding a +0 giant spiked club.
The ogre shouts!
You hit the ogre.
The ogre is lightly wounded.
The ogre hits you with a +0 giant spiked club!!
You completely miss the ogre. Your kick misses the ogre.
The ogre is lightly wounded.
You slash the ogre! You kick the ogre, but do no damage.
The ogre is heavily wounded.
The ogre hits you with a +0 giant spiked club!
You are too injured to fight recklessly!
You are too injured to fight recklessly!
You are too injured to fight recklessly!
You closely miss the ogre.
The ogre is heavily wounded.
The ogre hits you with a +0 giant spiked club!
* * * LOW HITPOINT WARNING * * *
You slash the ogre! You kick the ogre.
The ogre is almost dead.
The orc closely misses you.
The ogre hits you with a +0 giant spiked club!
You die...

#.##.#.##........#.#..........#.
# ### ####.###.#.#............ .
#.#..........#.#..... ..
#.#.#.#.#............
...#.#..................
.........#.#....#.#..#..
.∩#..#...#.###.##.#..#..
#....o.#.# #.......<..
.....#.@##.# #..#.......
#.#..#.O##.###..#.#..... #
#>................##.#
#..#..##.###......#... #..#..#
#......#<.. ... ....
............ ###. #...
..........[[ #.## #####.####.#
.........


You could see an ogre and an orc.

Vanquished Creatures
  Grinder (D:4)
  2 scorpions
  A howler monkey (D:4)
  2 hounds (D:4)
  A jelly (D:5)
  Ijyb (D:3)
  Natasha (thrice) (D:3)
  3 orc wizards
  Robin (D:4)
  3 adders
  A gnoll (D:1)
  3 worms
  A dart slug (D:4)
  16 orcs
  7 ball pythons
  4 bats
  6 endoplasms
  3 giant cockroaches
  15 goblins
  5 hobgoblins
  4 jackals (D:3)
  9 kobolds
  4 quokkas
  A frilled lizard (D:1)
  5 rats
102 creatures vanquished.

Notes
Turn   | Place    | Note
-------+----------+-------------------------------------------
     0 | D:1      | grandjackal the Demonspawn Gladiator began the quest for
                  | the Orb.
     0 | D:1      | Reached XP level 1. HP: 16/16 MP: 1/1
   230 | D:1      | Gained mutation: You regenerate a little health from kills.
                  | [demonic ancestry]
   230 | D:1      | Reached XP level 2. HP: 7/22 MP: 2/2
   365 | D:1      | Found Paysaf's Weapon Boutique.
   588 | D:1      | Reached XP level 3. HP: 28/28 MP: 3/3
   688 | D:2      | Found a faded altar of an unknown god.
   739 | D:2      | Found a radiant altar of Vehumet.
  1639 | D:3      | Reached skill level 1 in Armour
  1703 | D:3      | Noticed Ijyb
  1747 | D:3      | Killed Ijyb
  1748 | D:3      | Gained mutation: You are partially covered in razor-sharp
                  | scales. (AC +1, Slay +1) [demonic ancestry]
  1748 | D:3      | Reached XP level 4. HP: 16/35 MP: 4/4
  1915 | D:3      | Noticed Natasha
  1927 | D:3      | Killed Natasha
  2056 | D:3      | Noticed Natasha
  2065 | D:3      | Killed Natasha
  2066 | D:3      | Reached XP level 5. HP: 7/41 MP: 5/5
  2408 | D:3      | Noticed Natasha
  2417 | D:3      | Killed Natasha
  2876 | D:3      | Found a shimmering blue altar of Sif Muna.
  3294 | D:4      | Found a runed translucent gate.
  3350 | D:4      | Noticed Bradai's ghost (amateur DjWn)
  3351 | D:4      | Found a runed translucent gate.
  3352 | D:4      | Found a runed translucent gate.
  3353 | D:4      | Identified the +1 chain mail "Uteyng" {rN+}
  3353 | D:4      | Noticed an orc warrior
  3356 | D:4      | Noticed Grinder
  3376 | D:4      | Gained mutation: You have large cloven feet. [demonic
                  | ancestry]
  3376 | D:4      | Reached XP level 6. HP: 48/48 MP: 6/6
  3404 | D:4      | Paralysed by Grinder for 3 turns
  3408 | D:4      | Paralysed by Grinder for 4 turns
  3424 | D:4      | Killed Grinder
  3628 | D:4      | Noticed Robin
  3634 | D:4      | Killed Robin
  3650 | D:4      | Reached XP level 7. HP: 44/55 MP: 7/7
  4010 | D:5      | Entered Level 5 of the Dungeon
  4031 | D:4      | Reached skill level 5 in Fighting
  4188 | D:5      | Reached skill level 5 in Long Blades
  4379 | D:5      | Found Fyed's CLEARANCE SALE!.
  4388 | D:5      | Slain by an ogre

Illustrated notes

Levels and vault maps discovered:
D:1:      wander_arrival_abandoned_jail, layout_loops_ring, serial_shops,
          nicolae_shop_window_shopping
D:2:      layout_basic, basic_altar, nicolae_ecumenical_pavilion
D:3:      layout_basic, tso_oasis_becter, kennysheep_orc_sif_temple,
          minmay_randomly_rotated_circles, uniq_ijyb, uniq_natasha
D:4:      layout_gridville, biasface_ghost_orc_armoury, chequers_garden,
          uniq_robin, uniq_grinder
D:5:      layout_basic, mainiacjoe_overflow_catwalk, kennysheep_slug_shrine,
          nicolae_shop_clearance

Skill      XL: |  1  2  3  4  5  6  7 |
---------------+----------------------+-----
Throwing       | 2 |  2.0
Dodging        | 3 |  3.0
Long Blades    | 3 4 5 |  5.1
Armour         | 1 2 3 |  3.9
Fighting       | 3 4 5 |  5.2

Action                     |  1- 3 |  4- 6 |  7- 9 || total
---------------------------+-------+-------+-------++-------
  Melee: Long sword        |   114 |   163 |    51 ||   328
         Punch             |     3 |     1 |     1 ||     5
         Kick              |       |     7 |    19 ||    26
    Use: Scroll            |       |     7 |       ||     7
         Potion            |       |     1 |       ||     1
   Stab: Sleeping          |     1 |       |       ||     1
 Armour: Leather armour    |    44 |       |       ||    44
         Ring mail         |    19 |       |       ||    19
         Scale mail        |       |   138 |    33 ||   171
         Skin              |       |    13 |       ||    13
  Dodge: Dodged            |    71 |   119 |    30 ||   220

Table legend: (Time is in decaauts)
 A = Elapsed time spent in this place.
 B = Non-inter-level travel time spent in this place.
 C = Inter-level travel time spent in this place.
 D = Time resting spent in this place.
 E = Time spent auto-exploring this place.
 F = Levels seen in this place.
 G = Mean time per level.
                   A        B        C        D        E       F      G
               +--------+--------+--------+--------+--------+-----+--------+
         Total |   4477 |   4394 |     83 |    699 |   2777 |   5 |  895.4 |
       Dungeon |   4477 |   4394 |     83 |    699 |   2777 |   5 |  895.4 |
               +--------+--------+--------+--------+--------+-----+--------+

Top non-repeatable levels by time:
     D:3: 1552 daAuts
     D:4: 1150 daAuts
     D:2: 856 daAuts
     D:1: 698 daAuts
     D:5: 220 daAuts
